Map: Ruins of Seras

Players

Happy

  • Race: Terran Terran
  • League: Diamond

MelloW (Nina) - Winner!

  • Race: Protoss Protoss
  • League: Grandmaster

Event: DreamHack ROCCAT LotV Championship

VOD

Have the link to the VOD?

Description

Time

  • Played on: Nov. 26, 2015, 2:03 p.m.
  • Length: 8:43

All games in this series

Show
View Real Time Build Order
Export as new Build Order

Happy Terran 

Build Orders: Command Center First (CC), MMM Bio 

Get SALT Encoding   

  12  0:01  SCV  
  13  0:13  SCV  
  14  0:17  Supply Depot  
  14  0:25  SCV  
  15  0:39  SCV  
  16  0:51  SCV  
  17  1:01  Command Center  
  17  1:04  SCV  
  18  1:17  SCV  
  19  1:19  Barracks  
  19  1:29  SCV  
  19  1:31  Barracks  
  20  1:41  SCV  
  21  1:49  Barracks  
  21  1:53  SCV  
  22  2:06  Orbital Command  
  22  2:07  Marine  
  23  2:13  Orbital Command  
  23  2:19  Marine  
  24  2:31  Marine  
  24  2:32  SCV  
  24  2:33  Refinery  
  24  2:37  Marine  
  26  2:38  Refinery  
  26  2:40  Marine  
  26  2:42  SCV  
  29  2:45  SCV  
  29  2:48  Marine  
  31  2:54  SCV, Marine  
  31  2:57  SCV, Marine  
  35  3:01  Supply Depot  
  35  3:07  Barracks Tech Lab, Engineering Bay  
  35  3:09  SCV  
  35  3:11  SCV  
  37  3:18  Marine  
  38  3:23  SCV x2  
  38  3:26  Stimpack  
  40  3:27  Supply Depot  
  40  3:29  Marine  
  40  3:30  Marine  
  42  3:36  SCV, Missile Turret  
  42  3:39  SCV  
  44  3:46  Factory  
  44  3:48  SCV  
  44  3:50  Marauder  
  44  3:54  Barracks Reactor  
  46  3:59  SCV  
  47  4:05  Refinery  
  46  4:10  SCV  
  46  4:13  SCV  
  46  4:14  Bunker, Marauder  
  50  4:20  Barracks Tech Lab  
  50  4:22  SCV  
  51  4:25  SCV  
  51  4:33  Marine x2  
  51  4:35  SCV  
  51  4:37  Starport, Factory Reactor  
  54  4:43  Marine  
  54  4:44  SCV, Supply Depot, Marauder  
  58  4:47  SCV  
  58  4:48  Combat Shields  
  58  4:50  Marine  
  60  4:54  Supply Depot, Marine  
  60  4:56  SCV  
  62  5:02  Supply Depot  
  62  5:06  SCV, Marauder x2  
  67  5:08  SCV, Marine  
  67  5:14  Marine  
  69  5:17  Terran Infantry Weapons Level 1  
  69  5:18  SCV, Supply Depot  
  69  5:21  SCV  
  72  5:23  Medivac  
  72  5:27  Refinery  
  73  5:30  SCV  
  73  5:33  Supply Depot, Bunker  
  73  5:34  Marine  
  75  5:37  Marine  
  75  5:38  SCV  
  77  5:44  SCV  
  77  5:45  Medivac  
  77  5:46  Supply Depot  
  79  5:50  SCV  
  79  5:55  Viking  
  82  5:57  Marine x2  
  82  5:58  Marine  
  82  6:00  SCV  
  86  6:09  Marine  
  82  6:15  Marine x2  
  82  6:16  Marauder  
  66  6:28  Marauder  
  66  6:31  SCV x2  
  54  6:33  Marine  
  54  6:34  Marine  
  54  6:37  Marauder  
  47  6:45  Medivac  
  46  6:49  SCV, Medivac, Marine  
  46  6:50  SCV  
  53  6:54  Widow Mine  
  53  7:01  SCV  
  53  7:08  SCV  
  55  7:09  Barracks Reactor, Concussive Shells  
  55  7:11  Marauder  
  55  7:15  SCV, Barracks  
  58  7:20  SCV  
  59  7:27  SCV, Medivac  
  61  7:31  Marine  
  62  7:37  Widow Mine  
  62  7:39  SCV  
  65  7:49  Marine x3  
  62  7:51  SCV  
  42  8:07  Marine x2  
  42  8:08  Marauder  
  26  8:25  Marine x2  
Show
View Real Time Build Order
Export as new Build Order

MelloW Protoss - Winner!

Build Orders: Nexus First, Blink Stalkers 

Get SALT Encoding   

  12  0:01  Probe (Chrono Boost)  
  13  0:11  Probe (Chrono Boost)  
  14  0:18  Pylon  
  14  0:22  Probe (Chrono Boost)  
  15  0:36  Probe (Chrono Boost)  
  16  0:47  Probe (Chrono Boost)  
  17  0:59  Nexus  
  17  1:02  Probe (Chrono Boost)  
  18  1:13  Gateway  
  18  1:17  Probe (Chrono Boost)  
  19  1:24  Assimilator  
  19  1:27  Probe (Chrono Boost)  
  19  1:31  Assimilator  
  20  1:38  Probe (Chrono Boost)  
  21  1:42  Pylon  
  21  1:48  Probe (Chrono Boost)  
  22  1:59  Probe (Chrono Boost)  
  22  2:00  Gateway  
  23  2:07  Cybernetics Core  
  23  2:10  Probe (Chrono Boost)  
  23  2:14  Probe (Chrono Boost)  
  25  2:21  Probe (Chrono Boost)  
  26  2:25  Probe (Chrono Boost)  
  27  2:31  Probe (Chrono Boost)  
  27  2:36  Probe (Chrono Boost)  
  29  2:42  Probe (Chrono Boost)  
  29  2:43  Warp Gate (Chrono Boost)  
  31  2:44  Adept (Chrono Boost)  
  31  2:46  Probe (Chrono Boost)  
  31  2:47  Adept (Chrono Boost)  
  34  2:55  Twilight Council  
  34  2:57  Probe (Chrono Boost)  
  35  3:01  Probe (Chrono Boost)  
  36  3:09  Mothership Core (Chrono Boost)  
  36  3:12  Probe (Chrono Boost)  
  39  3:19  Pylon  
  39  3:23  Probe (Chrono Boost)  
  39  3:26  Blink (Chrono Boost)  
  40  3:28  Probe (Chrono Boost)  
  40  3:32  Probe  
  42  3:39  Probe  
  42  3:40  Robotics Facility  
  43  3:42  Probe  
  43  3:46  Assimilator  
  44  3:51  Probe  
  44  3:53  Probe  
  46  4:03  Probe x2  
  46  4:07  Gateway  
  46  4:09  Gateway  
  48  4:13  Sentry  
  48  4:14  Probe  
  48  4:15  Probe  
  52  4:17  Sentry  
  52  4:18  Pylon  
  52  4:22  Gateway  
  54  4:24  Probe  
  54  4:27  Probe  
  54  4:30  Observer (Chrono Boost)  
  53  4:32  Gateway, Pylon  
  53  4:36  Assimilator  
  53  4:39  Gateway, Pylon  
  53  4:51  Warp Prism (Chrono Boost)  
  55  4:55  Stalker  
  55  4:56  Stalker  
  59  5:06  Stalker  
  59  5:07  Stalker  
  63  5:08  Pylon  
  63  5:13  Pylon  
  63  5:21  Stalker x3  
  67  5:26  Observer (Chrono Boost)  
  70  5:29  Stalker x2  
  74  5:38  Pylon  
  74  5:50  Stalker x4  
  82  6:10  Sentry x2  
  80  6:20  Stalker  
  80  6:24  Stalker x2  
  70  6:41  Stalker x3  
  76  6:49  Stalker x3  
  76  6:51  Probe  
  76  6:53  Nexus  
  81  6:58  Warp Prism (Chrono Boost)  
  79  7:10  Pylon x2  
  79  7:12  Stalker x3  
  79  7:13  Stalker  
  79  7:14  Probe  
  79  7:15  Probe  
  89  7:20  Stalker x2  
  93  7:30  Robotics Bay  
  93  7:35  Probe  
  93  7:37  Observer (Chrono Boost)  
  95  7:40  Adept x2  
  95  7:51  Stalker  
  95  7:52  Stalker x2  
  95  7:56  Pylon  
  100  7:58  Pylon  
  84  8:20  Mothership Core  
  84  8:21  Adept  
  84  8:22  Adept x3  
  94  8:27  Stalker  
  94  8:28  Stalker  
  94  8:31  Stalker  

Tags
 
Add a new tag
Caveats
  • Supply blocks, unpowered buildings, or Contaminate may cause inaccurate times.
  • Supply counts are checked every 10 seconds.